Map: Pillars of Gold LE

Players

Lambo - Winner!

  • Race: Zerg Zerg
  • League: Master
  • Spawn Location: 7:00

Geralt (Gerald)

  • Race: Protoss Protoss
  • League: Grandmaster
  • Spawn Location: 1:00

Event: DreamHack SC2 Masters 2020 Winter

VOD

Have the link to the VOD?

Description

Time

  • Played on: Nov. 5, 2020, 2:44 p.m.
  • Length: 10:19

All games in this series

Show
View Real Time Build Order
Export as new Build Order

Lambo Zerg - Winner!

Build Orders: Hatch First 

Get SALT Encoding   

  12  0:00  Drone  
  13  0:12  Overlord  
  13  0:17  Drone  
  14  0:31  Drone x2  
  16  0:50  Hatchery  
  16  0:53  Drone  
  16  0:56  Drone  
  17  1:00  Drone  
  18  1:10  Extractor  
  17  1:16  Spawning Pool  
  16  1:19  Drone  
  16  1:22  Drone  
  18  1:28  Drone  
  19  1:43  Drone  
  20  1:49  Drone  
  21  2:02  Queen x2  
  21  2:03  Zergling x2, Overlord  
  26  2:11  Drone  
  26  2:12  Drone  
  26  2:14  Metabolic Boost  
  28  2:24  Zergling x2  
  28  2:26  Drone  
  30  2:37  Hatchery  
  30  2:39  Drone  
  30  2:42  Drone  
  30  2:44  Drone  
  32  2:48  Overlord  
  32  2:55  Queen  
  35  2:58  Drone  
  35  3:01  Drone  
  36  3:06  Overlord  
  36  3:08  Drone  
  37  3:13  Drone x3  
  40  3:20  Queen  
  40  3:23  Overlord  
  42  3:27  Drone  
  42  3:31  Queen  
  45  3:39  Drone  
  46  3:45  Drone x2  
  46  3:46  Drone  
  49  3:49  Drone x2  
  49  3:51  Drone x2  
  52  3:58  Drone  
  52  3:59  Queen  
  55  4:06  Zergling x6  
  58  4:12  Drone x4, Spore Crawler  
  58  4:14  Spore Crawler  
  58  4:16  Spore Crawler  
  59  4:19  Overlord  
  59  4:21  Drone  
  59  4:22  Drone x2  
  62  4:25  Zergling x6  
  62  4:30  Zergling x2  
  66  4:31  Overlord  
  66  4:37  Roach Warren  
  65  4:40  Overlord  
  65  4:42  Drone  
  66  4:46  Drone x2  
  66  4:48  Drone x5  
  66  4:50  Overlord  
  73  4:55  Lair  
  73  4:56  Drone  
  73  4:58  Drone  
  75  5:00  Drone x2  
  75  5:03  Drone x2  
  79  5:07  Drone x2, Extractor  
  79  5:08  Extractor  
  79  5:09  Extractor  
  79  5:10  Evolution Chamber  
  79  5:13  Drone x4  
  81  5:15  Extractor  
  81  5:18  Extractor  
  81  5:20  Overlord  
  79  5:22  Roach x2  
  79  5:26  Roach x3  
  89  5:40  Drone x7  
  98  5:47  Zerg Missile Weapons Level 1, Overlord  
  97  5:54  Overlord x2  
  95  5:59  Overlord, Glial Reconstitution  
  93  6:05  Hatchery  
  93  6:06  Overseer  
  93  6:08  Drone x3  
  95  6:14  Spire, Roach  
  95  6:15  Roach x4  
  104  6:24  Roach x2, Zergling x10  
  113  6:35  Zergling x10  
  118  6:44  Overlord  
  117  6:50  Overlord  
  117  6:51  Extractor  
  116  6:55  Zergling x10  
  116  6:56  Extractor  
  116  6:57  Overlord  
  116  6:58  Overlord  
  120  7:03  Overlord  
  120  7:04  Overlord x2  
  120  7:06  Overlord  
  120  7:08  Overlord  
  122  7:10  Overlord  
  122  7:11  Drone x3  
  123  7:23  Drone x3  
  123  7:29  Mutalisk x9  
  143  7:31  Mutalisk  
  143  7:34  Zerg Flyer Weapons Level 1  
  145  7:38  Mutalisk x2  
  145  7:42  Roach x4  
  154  7:48  Baneling Nest  
  153  7:52  Drone x3  
  153  7:55  Roach  
  153  7:56  Zergling x4, Roach  
  153  7:57  Roach x2  
  153  7:58  Roach x2  
  167  8:01  Drone  
  167  8:02  Zerg Melee Weapons Level 1  
  167  8:04  Roach x2  
  172  8:07  Ravager x2  
  172  8:09  Roach, Zergling x2  
  177  8:14  Zergling x10  
  182  8:26  Drone x8  
  187  8:28  Overlord  
  187  8:33  Overlord  
  172  8:41  Mutalisk x2  
  172  8:42  Mutalisk x4  
  181  8:50  Mutalisk x3  
  181  8:57  Mutalisk  
  181  9:04  Hydralisk Den  
  181  9:07  Zergling x16  
  188  9:12  Drone, Hatchery  
  188  9:17  Zergling x12  
  188  9:18  Ravager  
  195  9:24  Overseer  
  195  9:26  Overseer  
  195  9:30  Zergling x2  
  195  9:31  Zergling x10  
  198  9:43  Zergling x18  
  195  9:47  Zergling x8  
  195  9:50  Zergling x6  
  180  9:53  Zergling x2  
  180  9:54  Zergling x8  
Show
View Real Time Build Order
Export as new Build Order

Geralt Protoss 

Build Orders: 1 Gate Expand, Zealot Archon, Archon Drop, Dark Templar Rush 

Get SALT Encoding   

  12  0:00  Probe  
  13  0:12  Probe  
  14  0:19  Pylon  
  14  0:24  Probe  
  15  0:28  Assimilator  
  15  0:37  Probe (Chrono Boost)  
  16  0:44  Gateway  
  16  0:47  Probe (Chrono Boost)  
  17  0:54  Probe  
  18  1:06  Probe  
  19  1:18  Probe  
  20  1:27  Nexus  
  20  1:37  Cybernetics Core  
  20  1:40  Probe  
  21  1:47  Assimilator  
  21  1:52  Probe  
  22  1:56  Pylon  
  22  2:04  Probe  
  23  2:15  Twilight Council, Adept (Chrono Boost)  
  23  2:16  Probe  
  26  2:24  Warp Gate  
  26  2:28  Probe  
  27  2:35  Adept (Chrono Boost)  
  27  2:39  Probe  
  27  2:41  Probe  
  31  2:50  Robotics Facility  
  31  2:54  Probe x2  
  33  3:06  Probe  
  33  3:10  Dark Shrine  
  33  3:12  Probe  
  35  3:17  Gateway  
  35  3:19  Probe  
  36  3:24  Probe  
  37  3:27  Stalker  
  37  3:31  Probe  
  40  3:36  Probe  
  40  3:39  Pylon  
  41  3:44  Probe  
  42  3:50  Gateway  
  42  3:52  Warp Prism (Chrono Boost)  
  43  3:59  Probe  
  43  4:01  Probe  
  45  4:05  Gateway  
  45  4:09  Shield Battery  
  45  4:11  Probe  
  45  4:14  Probe  
  47  4:23  Probe  
  48  4:25  Assimilator  
  48  4:26  Probe  
  48  4:27  Assimilator  
  48  4:28  Pylon  
  49  4:35  Probe  
  49  4:38  Observer, Probe  
  52  4:47  Probe  
  52  4:50  Dark Templar x3  
  52  4:51  Probe  
  60  4:54  Shield Battery  
  60  4:58  Archon  
  60  5:06  Dark Templar  
  62  5:13  Archon, Nexus  
  62  5:14  Pylon  
  62  5:24  Forge  
  62  5:26  Pylon  
  62  5:32  Immortal (Chrono Boost)  
  66  5:36  Probe  
  67  5:48  Charge  
  67  5:49  Probe  
  64  5:52  Probe  
  65  5:58  Protoss Ground Weapons Level 1 (Chrono Boost)  
  65  5:59  Shield Battery  
  65  6:01  Probe  
  65  6:03  Gateway  
  65  6:04  Gateway, Probe  
  66  6:07  Dark Templar  
  66  6:08  Dark Templar  
  71  6:11  Observer (Chrono Boost)  
  71  6:13  Probe  
  71  6:14  Archon  
  71  6:17  Probe (Chrono Boost)  
  74  6:24  Stargate  
  75  6:26  Probe x2 (Chrono Boost)  
  75  6:29  Probe (Chrono Boost)  
  77  6:35  Probe x2 (Chrono Boost)  
  77  6:36  Probe (Chrono Boost)  
  77  6:38  Stargate  
  80  6:40  Pylon, Probe x2 (Chrono Boost)  
  80  6:41  Assimilator  
  80  6:42  Probe  
  80  6:45  Assimilator  
  83  6:49  Immortal  
  83  6:51  Probe  
  89  6:54  Probe x2  
  89  6:56  Pylon  
  90  7:03  Probe  
  90  7:06  Probe  
  92  7:09  Phoenix (Chrono Boost), Probe  
  92  7:12  Gateway  
  92  7:15  Gateway, Probe  
  95  7:17  Pylon  
  95  7:21  Phoenix (Chrono Boost)  
  98  7:25  Zealot x3  
  106  7:30  Phoenix (Chrono Boost)  
  106  7:36  Zealot  
  106  7:37  Zealot x2  
  112  7:45  Pylon  
  112  7:47  Pylon  
  112  7:59  Pylon  
  112  8:01  Pylon  
  112  8:02  Pylon, Templar Archives  
  112  8:03  Phoenix x2 (Chrono Boost)  
  116  8:06  Observer (Chrono Boost)  
  116  8:12  Nexus  
  117  8:19  Observer (Chrono Boost)  
  116  8:25  Phoenix x2 (Chrono Boost)  
  117  8:28  Zealot x5  
  117  8:29  Zealot  
  126  8:34  Probe  
  94  8:52  Dark Templar x3  
  94  8:53  Dark Templar x2  
  98  9:01  Phoenix  
  98  9:05  Probe  
  99  9:13  Probe  
  99  9:17  Phoenix  
  102  9:18  Photon Cannon, Probe  
  102  9:20  Probe  
  102  9:21  Archon  
  102  9:22  Archon  
  102  9:23  Zealot x3  
  110  9:25  Immortal  
  110  9:26  Phoenix  
  116  9:33  Stalker x2  
  116  9:41  Dark Templar  
  107  9:47  Dark Templar  
  101  9:53  Zealot x4  
  92  10:04  Archon  
  92  10:06  Stalker  
Tags
 
Add a new tag
Caveats
  • Supply blocks, unpowered buildings, or Contaminate may cause inaccurate times.
  • Supply counts are checked every 10 seconds.